 Dungeon Crawl Stone Soup version 0.23.2-30-g0e89c35649 (webtiles) character file.

Game seed: 14966356149055593407

163 Atelerd the Sneak (level 5, -2/33 HPs)
             Began as an Octopode Fire Elementalist on June 19, 2019.
             Was an Initiate of Sif Muna.
             Slain by Pikel
             ... wielding a +2 whip of freezing
              (10 damage)
             ... on level 3 of the Dungeon.
             The game lasted 00:05:58 (2992 turns).

Atelerd the Sneak (Octopode Fire Elementalist)      Turns: 2992, Time: 00:06:00

Health: -2/33      AC:  1    Str:  8    XL:     5   Next: 44%
Magic:  8/10       EV: 14    Int: 18    God:    Sif Muna [......]
Gold:   214        SH:  0    Dex: 12    Spells: 5/10 levels left

rFire    . . .     SeeInvis +   f - +0 mace (protect)
rCold    . . .     Gourm    .   (no shield)
rNeg     . . .     Faith    .   (helmet restricted)
rPois    .         Spirit   .   (no amulet)
rElec    .         Reflect  .   a - ring of see invisible
rCorr    .         Harm     .   c - ring of attention (curse)
MR       .....                  j - ring of wizardry
Stlth    ++........             (no ring)
HPRegen  0.11/turn              (no ring)
MPRegen  0.12/turn              (no ring)
                                (no ring)
                                (no ring)

@: no status effects
A: almost no armour, stealthy swim, amphibious, 8 rings, constrict 8, camouflage
1, gelatinous body 1
a: Renounce Religion


You were on level 3 of the Dungeon.
You worshipped Sif Muna.
Sif Muna was noncommittal.
You were very hungry.

You visited 1 branch of the dungeon, and saw 4 of its levels.

You collected 214 gold pieces.

Inventory:

Hand Weapons
 f - a +0 mace of protection (weapon)
Jewellery
 a - a ring of see invisible (left tentacle)
 c - a cursed ring of attention (right tentacle)
 j - a ring of wizardry (on tentacle)
Wands
 q - a wand of polymorph (10)
Scrolls
 h - a scroll of fear {unknown}
 i - 4 scrolls of identify {unknown}
 k - 2 scrolls of teleportation {unknown}
 o - 2 scrolls of remove curse {unknown}
 r - a scroll of blinking {unknown}
 s - a scroll of amnesia {unknown}
Potions
 d - a potion of agility {unknown}
 e - 4 potions of curing {unknown}
 g - 2 potions of degeneration {unknown}
 l - 3 potions of heal wounds {unknown}
 m - a potion of berserk rage {unknown}
 n - a potion of brilliance {unknown}
 p - 2 potions of flight {unknown}
Comestibles
 b - 6 rations


   Skills:
 - Level 1.0 Fighting
 - Level 1.2 Maces & Flails
 + Level 2.6 Dodging
 + Level 3.4 Stealth
 - Level 0.4 Unarmed Combat
 * Level 3.3 Spellcasting
 * Level 2.4 Conjurations
 + Level 3.0 Fire Magic


You had 5 spell levels left.
You knew the following spells:

 Your Spells              Type           Power        Failure   Level  Hunger
a - Flame Tongue          Conj/Fire      ##...        2%          1    None
b - Sticky Flame          Conj/Fire      ##......     21%         4    ####...

Your spell library contained the following spells:

 Spells                   Type           Power        Failure   Level  Hunger
 Throw Flame              Conj/Fire      ##....       3%          2    ##.....
 Conjure Flame            Conj/Fire      ##......     6%          3    ###....
 Inner Flame              Hex/Fire       #.......     11%         3    ###....
 Fireball                 Conj/Fire      ##........   47%         5    ######.


Dungeon Overview and Level Annotations

Branches:
Dungeon (4/15)
 Temple: D:4-7

Altars:
Gozag
Nemelex Xobeh
Ru
Sif Muna
Xom

Annotations:
D:3 Pikel


Innate Abilities, Weirdness & Mutations

You cannot wear most types of armour.
You are very stealthy in the water. (Stealth+)
You are amphibious.
You can wear up to eight rings at the same time.
You can use your tentacles to constrict eight enemies at once.
Your skin changes colour to match your surroundings (Stealth+).
Your rubbery body absorbs attacks. (AC +1, EV +1)


Message History

Unknown command.
You hit Pikel but do no damage.
Pikel is heavily wounded.
You constrict Pikel, but do no damage.
Pikel burns!
Pikel stops burning.
Pikel waves his whip at you.
Pikel hits you with a +2 whip of freezing.
Pikel freezes you.
Pikel hits you with a +2 whip of freezing!
* * * LOW HITPOINT WARNING * * *
Pikel freezes you.
* * * LOW HITPOINT WARNING * * *
Unknown command.
You release your grip on Pikel.
Pikel says, "You'll fetch a fair price!"
There is a stone staircase leading up here.
Pikel closely misses you.
You climb upwards.
There is a stone staircase leading down here.
Pikel hits you with a +2 whip of freezing!
You die...

#......##.# #..##.####..#(.
#......##.###.....#........
##.....##.#................
#.........................
#....###..........###.....
#..).# #.........## ###...
#....###.........## #....
#######...........####....
#..@K...............
#...........##......
#<..................
######.[................#
#........................
#........................
#....###.................
#....# ##.........##.....
#....# #####............


You could see Pikel.

Vanquished Creatures
  An orc priest (D:2)
  An orc wizard (D:2)
  An adder (D:2)
  An ooze (D:3)
  2 worms (D:2)
  2 dart slugs
  A leopard gecko (D:2)
  3 orcs (D:2)
  2 giant cockroaches
  14 hobgoblins
  6 jackals
  9 kobolds
  13 bats
  5 frilled lizards
  10 goblins
  6 rats
77 creatures vanquished.

Notes
Turn   | Place    | Note
-------+----------+-------------------------------------------
     0 | D:1      | Atelerd the Octopode Fire Elementalist began the quest for
                  | the Orb.
     0 | D:1      | Reached XP level 1. HP: 11/11 MP: 3/3
   100 | D:1      | Reached XP level 2. HP: 15/17 MP: 0/5
   786 | D:1      | Reached XP level 3. HP: 14/21 MP: 4/6
  1599 | D:2      | Reached XP level 4. HP: 22/27 MP: 8/8
  1650 | D:2      | Learned a level 4 spell: Sticky Flame
  1739 | D:2      | Reached skill level 1 in Maces & Flails
  1743 | D:2      | Reached XP level 5. HP: 23/32 MP: 1/9
  1811 | D:2      | Found an opulent altar of Gozag.
  2056 | D:2      | Found a shimmering altar of Xom.
  2056 | D:2      | Found a deep blue altar of Sif Muna.
  2067 | D:2      | Became a worshipper of Sif Muna the Loreminder
  2559 | D:3      | Reached skill level 1 in Fighting
  2809 | D:3      | Found a sacrificial altar of Ru.
  2890 | D:4      | Found a sparkling altar of Nemelex Xobeh.
  2923 | D:4      | Noticed a slave
  2924 | D:4      | Noticed Pikel
  2925 | D:4      | Noticed a slave
  2927 | D:4      | Noticed a slave
  2957 | D:4      | Noticed a slave
  2992 | D:3      | Slain by Pikel

Skill      XL: |  1  2  3  4  5 |
---------------+----------------+-----
Stealth        | 3 |  3.4
Maces & Flails | 1 |  1.2
Spellcasting   | 3 |  3.3
Conjurations   | 2 |  2.4
Fighting       | 1 |  1.0
Dodging        | |  2.6
Unarmed Combat | |  0.4
Fire Magic     | |  3.0

Action                   |  1- 3 |  4- 6 || total
-------------------------+-------+-------++-------
Melee: Unarmed           |     8 |       ||     8
       Constrict         |    18 |    14 ||    32
       Tentacles         |     6 |    11 ||    17
       Mace              |    52 |    63 ||   115
 Cast: Flame Tongue      |    29 |    29 ||    58
       Sticky Flame      |       |     1 ||     1
 Stab: Sleeping          |     1 |     3 ||     4
  Eat: Chunk             |     2 |     4 ||     6
Armor: Skin              |    20 |    43 ||    63
Dodge: Dodged            |    49 |    99 ||   148
